 Dungeon Crawl Stone Soup version 0.32-a0-705-g60f233581c (webtiles) character file.

Game seed: 2614393207330338993

68 porpoise the Caller (level 4, 0/30 HPs)
             Began as a Barachi Summoner on Mar 15, 2024.
             Slain by a sleepcap (21 damage)
             ... on level 3 of the Dungeon.
             The game lasted 00:06:52 (1913 turns).

porpoise the Caller (Barachi Summoner)              Turns: 1913, Time: 00:06:53

Health: 0/30       AC:  2    Str:  9    XL:     4   Next: 19%
Magic:  8/8        EV:  2    Int: 18    God:
Gold:   154        SH:  0    Dex: 12    Spells: 3/9 levels left

rFire   . . .        b - +0 quarterstaff (spect)
rCold   . . .        (shield currently unavailable)
rNeg    . . .        e - +0 robe
rPois   .            (no helmet)
rElec   .            (no cloak)
rCorr   .            (no gloves)
SInv    .            (no boots)
Will    .....        (no amulet)
Stlth   ++           (no ring)
HPRegen 0.25/turn    (no ring)
MPRegen 0.11/turn

%: no passive effects
@: sleeping, slow
A: amphibious, slowness 1, strong legs 1, +LOS
a: Hop


You were on level 3 of the Dungeon.
You visited 1 branch of the dungeon, and saw 3 of its levels.

You collected 154 gold pieces.

Inventory:

Hand Weapons
 a - a +1 morningstar
 b - a +0 spectral quarterstaff (weapon)
Missiles
 o - 2 poisoned darts
Armour
 e - a +0 robe (worn)
Scrolls
 c - a scroll of enchant weapon
 d - a scroll of blinking {unknown}
 f - a scroll of immolation {unknown}
 g - a scroll of enchant armour {unknown}
 l - a scroll of teleportation {unknown}
 m - a scroll of fear {unknown}
Potions
 h - a potion of lignification {unknown}
 i - 2 potions of enlightenment
 j - 2 potions of curing
 k - a potion of brilliance {unknown}
 n - a potion of heal wounds {unknown}
 p - a potion of might {unknown}
 q - a potion of cancellation {unknown}
 r - a potion of magic


   Skills:
 - Level 2.1 Dodging
 + Level 2.8 Stealth
 + Level 3.1 Spellcasting
 + Level 5.5 Summonings


You had 3 spell levels left.
You knew the following spells:

 Your Spells              Type           Power      Damage    Failure   Level
a - Summon Small Mammal   Summ           88%        N/A       1%          1
b - Call Imp              Summ           44%        N/A       2%          2
c - Call Canine Familiar  Summ           22%        N/A       4%          3

Your spell library contained the following spells:

 Spells                   Type           Power      Damage    Failure   Level
 Summon Blazeheart Golem  Fire/Summ      12%        N/A       45%         4
 Summon Lightning Spire   Summ/Air       12%        N/A       45%         4


Dungeon Overview and Level Annotations

Branches:
Dungeon (3/15)

Altars:
Gozag
Yredelemnul
Zin


Innate Abilities, Weirdness & Mutations

You are amphibious.
You cover ground slowly.
You can hop short distances.
You have an extended range of vision and can be seen from far away.


Message History

Things that are here:
a +0 dagger; a goblin corpse You see here a +0 spectral quarterstaff.
r - a +0 spectral quarterstaff Adjust to which letter? (? for menu, Esc to quit)
b - a +0 spectral quarterstaff;
r - a potion of magic You feel a bond with your +0 spectral quarterstaff.
b - a +0 spectral quarterstaff (weapon)
You start resting.
Your quokka disappears in a puff of smoke!
Magic restored.
Your cerulean imp disappears in a puff of smoke!
There is an open door, spattered with blood here.
Things that are here:
a +0 dagger; a goblin corpse
Found a stone staircase leading down.
There is a stone staircase leading down here.
An endoplasm comes into view.
The helpless endoplasm fails to defend itself.
You hit the endoplasm.
The endoplasm is almost dead.
Your +0 spectral quarterstaff hits the endoplasm.
You kill the endoplasm!
No target in view!
Your +0 spectral quarterstaff disappears.
A kobold comes into view. It is wielding a +0 dagger.
The helpless kobold fails to defend itself.
You hit the kobold.
The kobold is moderately wounded.
Your +0 spectral quarterstaff hits the kobold.
You kill the kobold!
Your +0 spectral quarterstaff disappears.
A sleepcap comes into view.
Found a stone staircase leading down.
The sleepcap releases spores at you. x2
You are engulfed in a cloud of soporific spores!
You fall asleep.
The sleepcap releases spores at you!!
Ouch! That really hurt!
You die...

...#.# #.......
.#.#.# #.#....
.#.# . #.#..####
.#.#######.#..##.#
#............##.#
######..........#
#............##.#
##.#..#.##..#.##.#
......#.##..#.##@#
##.##.#.##).#.##f#
#....#.##..#.##.#
######.##..#.##..
#.##..#.####
..##..#.#
#.....#.# #..#.#
....


You could see a sleepcap.

Vanquished Creatures
  An adder (D:2)
  An orc (D:3)
  4 endoplasms
  2 giant cockroaches
  2 goblins
  3 hobgoblins
  2 jackals (D:1)
  2 quokkas
  2 ball pythons
  3 bats
  2 kobolds (D:3)
  2 rats
26 creatures vanquished.

Vanquished Creatures (collateral kills)
  2 adders (D:3)
  A bat (D:1)
  A goblin (D:3)
  2 ball pythons (D:1)
  3 frilled lizards
  4 kobolds
  A rat (D:1)
14 creatures vanquished.

Grand Total: 40 creatures vanquished

Notes
Turn   | Place    | Note
-------+----------+-------------------------------------------
     0 | D:1      | porpoise the Barachi Summoner began the quest for the Orb.
     0 | D:1      | Reached XP level 1. HP: 13/13 MP: 3/3
   222 | D:1      | Reached skill level 5 in Summonings
   222 | D:1      | Reached XP level 2. HP: 16/19 MP: 3/5
   225 | D:1      | Learned a level 2 spell: Call Imp
   701 | D:2      | Found a basalt altar of Yredelemnul.
   716 | D:2      | Reached XP level 3. HP: 14/24 MP: 5/7
   812 | D:2      | Learned a level 3 spell: Call Canine Familiar
  1721 | D:3      | Found a glowing silver altar of Zin.
  1759 | D:3      | Found an opulent altar of Gozag.
  1809 | D:3      | Reached XP level 4. HP: 29/30 MP: 5/8
  1913 | D:3      | Slain by a sleepcap

Illustrated notes

Levels and vault maps discovered:
D:1:      minmay_arrival_solitary_statue, layout_rooms
D:2:      layout_basic, basic_altar
D:3:      layout_basic, pdpol_temple_overflow_zin_treasury_gozag_greed,
          dreamdust_ecumenical_altar_hidden_monk_grotto,
          chequers_serial_rivers_marsh, chequers_jeans

Skill      XL: |  1  2  3 |
---------------+----------+-----
Stealth        | 2 |  2.8
Summonings     | 5 |  5.5
Spellcasting   | 3 |  3.1
Dodging        | |  2.1

Action                     |  1- 3 |  4- 6 || total
---------------------------+-------+-------++-------
  Melee: Morningstar       |    54 |       ||    54
         Quarterstaff      |       |     2 ||     2
   Cast: Summon Small Mamm |    12 |       ||    12
         Call Imp          |    10 |       ||    10
  Evoke: Wand              |     1 |       ||     1
    Use: Scroll            |     3 |       ||     3
   Stab: Sleeping          |     2 |     2 ||     4
         Distracted        |     1 |       ||     1
 Armour: Robe              |    38 |     3 ||    41
  Dodge: Dodged            |    43 |       ||    43

Table legend: (Time is in decaauts)
 A = Elapsed time spent in this place.
 B = Non-inter-level travel time spent in this place.
 C = Inter-level travel time spent in this place.
 D = Time resting spent in this place.
 E = Time spent auto-exploring this place.
 F = Levels seen in this place.
 G = Mean time per level.
                   A        B        C        D        E       F      G
               +--------+--------+--------+--------+--------+-----+--------+
         Total |   2215 |   2180 |     35 |    216 |   1592 |   3 |  738.3 |
       Dungeon |   2215 |   2180 |     35 |    216 |   1592 |   3 |  738.3 |
               +--------+--------+--------+--------+--------+-----+--------+

Top non-repeatable levels by time:
     D:2: 895 daAuts
     D:3: 673 daAuts
     D:1: 645 daAuts
